 Dungeon Crawl Stone Soup version 0.24.0-13-gcf9b3192b9 (webtiles) character file.

Game seed: 14817731614417673664, levelgen mode: classic

8575 EnegeticOcto the Cleaver (level 11, -3/68 HPs)
             Began as a Gargoyle Fighter on Nov 8, 2019.
             Was a High Priest of Okawaru.
             Killed from afar by a gargoyle (28 damage)
             ... with a stone arrow
             ... on level 11 of the Dungeon.
             The game lasted 00:08:37 (9658 turns).

EnegeticOcto the Cleaver (Gargoyle Fighter)         Turns: 9658, Time: 00:08:37

Health: -3/68      AC: 27    Str: 24    XL:     11   Next: 33%
Magic:  14/16      EV: 11    Int:  8    God:    Okawaru [*****.]
Gold:   395        SH: 13    Dex:  9    Spells: 10/10 levels left

rFire    . . .     SeeInvis .   a - +1 war axe
rCold    . . .     Gourm    .   c - +0 shield
rNeg     + . .     Faith    +   d - +0 plate armour
rPois    ∞         Spirit   .   s - +0 helmet
rElec    +         Reflect  .   g - +1 cloak
rCorr    +         Harm     .   (no gloves)
MR       .....                  (no boots)
Stlth    ..........             A - amulet of faith
HPRegen  0.21/turn              y - ring of resist corrosion
MPRegen  0.15/turn              (no ring)

@: heroism
A: negative energy resistance 1, electricity resistance, unbreathing,
petrification resistance, rot immunity, AC +8
a: Heroism, Finesse, Renounce Religion


You were on level 11 of the Dungeon.
You worshipped Okawaru.
Okawaru was extremely pleased with you.
You were not hungry.

You visited 2 branches of the dungeon, and saw 12 of its levels.

You collected 518 gold pieces.
You spent 123 gold pieces at shops.

Inventory:

Hand Weapons
 a - a +1 war axe (weapon)
Armour
 c - a +0 shield (worn)
 d - a +0 plate armour (worn)
 g - a +1 cloak (worn)
 s - a +0 helmet (worn)
 B - a +2 cloak of poison resistance
Jewellery
 y - a ring of resist corrosion (left hand)
 z - an uncursed ring of flight {unknown}
 A - an amulet of faith (around neck)
Wands
 w - a wand of flame (11)
Scrolls
 b - 4 scrolls of remove curse {@r2}
 k - 2 scrolls of enchant armour
 o - 4 scrolls of teleportation {@r3 !r}
 q - 3 scrolls of fog {!r}
 r - 2 scrolls of magic mapping {@r5 !r}
 t - a scroll of summoning
 D - a scroll of enchant weapon
Potions
 f - 2 potions of ambrosia {unknown}
 h - 2 potions of lignification {@q6}
 i - 2 potions of mutation
 j - 7 potions of curing {@q1 !q}
 l - a potion of magic {unknown}
 m - 3 potions of agility {@q5 !q}
 n - a potion of cancellation
 u - 2 potions of might {@q3 !q}
 v - a potion of flight {unknown}
 x - a potion of haste {unknown}
Comestibles
 e - 18 rations


   Skills:
 + Level 7.8(12.8) Fighting
 * Level 8.8(13.8) Axes
 + Level 7.8(12.8) Armour
 + Level 5.4(10.4) Dodging
 + Level 7.8(12.8) Shields
 * Level 7.4 Invocations


You had 10 spell levels left.
You didn't know any spells.
Your spell library contained the following spells:

 Spells                   Type           Power        Failure   Level  Hunger
 Confusing Touch          Hex            #.....       99%         1    ##.....
 Infusion                 Chrm           #...         99%         1    ##.....
 Summon Small Mammal      Summ           #...         99%         1    ##.....
 Call Imp                 Summ           #.......     100%        2    ###....
 Shroud of Golubria       Chrm/Tloc      #.....       100%        2    ###....
 Song of Slaying          Chrm           #.......     100%        2    ###....
 Call Canine Familiar     Summ           #.......     100%        3    ####...
 Confuse                  Hex            #.......     100%        3    ####...
 Gell's Gravitas          Tloc           #.........   100%        3    ####...
 Regeneration             Chrm/Necr      #.........   100%        3    ####...
 Spectral Weapon          Hex/Chrm       #.......     100%        3    ####...
 Summon Guardian Golem    Hex/Summ       #.......     100%        3    ####...
 Petrify                  Tmut/Erth      #.......     100%        4    #####..
 Summon Ice Beast         Ice/Summ       #.......     100%        4    #####..
 Summon Lightning Spire   Summ/Air       #.......     100%        4    #####..
 Metabolic Englaciation   Hex/Ice        #.........   100%        5    ######.
 Yara's Violent Unravell  Hex/Tmut       #.........   100%        5    ######.


Dungeon Overview and Level Annotations

Branches:
Dungeon (11/15)            Temple (1/1) D:6            Lair (0/6) D:8
    Orc (0/2) D:10

Altars:
Ashenzari
Cheibriados
Dithmenos
Elyvilon
Fedhas
Gozag
Hepliaklqana
Kikubaaqudgha
Makhleb
Nemelex Xobeh
Okawaru
Qazlal
Ru
Sif Muna
Trog
Uskayaw
Vehumet
Wu Jian
Xom
Yredelemnul
Zin
The Shining One

Shops:
D:4 :   D:5 *   D:9 %


Innate Abilities, Weirdness & Mutations

You are resistant to torment.
Your stone body is resilient. (AC +8)
You are immune to poison.
You resist negative energy. (rN+)
You are resistant to electric shocks. (rElec)
You can survive without breathing.
You are immune to petrification.
You are immune to rotting.


Message History

The orc wizard hits you but does no damage.
You slash the orc wizard!
You kill the orc wizard!
Okawaru accepts your kill.
You closely miss the orc priest. You closely miss the ice beast.
You block the orc priest's attack. You block the ice beast's attack.
You hit the ice beast but do no damage.
The ice beast is heavily wounded.
You hit the orc priest. The ice beast barely misses you.
The orc priest completely misses you.
You barely miss the ice beast.
The ice beast is heavily wounded.
Your shield and plate armour prevent you from hitting the orc.
Your shield prevents you from hitting the orc priest.
You block the orc's attack. The ice beast barely misses you.
The orc priest hits you but does no damage.
You hit the ice beast but do no damage.
The ice beast is heavily wounded.
You hit the orc but do no damage.
Your plate armour prevents you from hitting the orc priest.
You block the orc's attack. The ice beast closely misses you.
The orc priest hits you but does no damage.
You slash the ice beast!
The ice beast is severely wounded.
You slash the orc!
You kill the orc!
You hit the orc priest.
The orc wizard mumbles some strange words.
The orc wizard seems to speed up.
The ice beast hits you but does no damage.
The orc priest completely misses you.
You closely miss the ice beast.
The ice beast is severely wounded.
Your plate armour prevents you from hitting the orc priest.
You hit the orc wizard but do no damage.
You block the ice beast's attack.
The orc wizard points at you and mumbles some strange words.
You block the puff of flame. The orc priest hits you.
You slash the ice beast!
You kill the ice beast!
Okawaru accepts your kill.
You closely miss the orc wizard. You hit the orc priest.
You kill the orc priest!
Okawaru accepts your kill. You block the orc wizard's attack.
The orc wizard hits you but does no damage.
You slash the orc wizard!
The orc wizard is severely wounded.
The orc wizard hits you but does no damage.
The orc wizard casts a cantrip, but nothing happens.
You closely miss the orc wizard.
The orc wizard is severely wounded.
The orc wizard barely misses you.
You hit the orc wizard.
The orc wizard is severely wounded.
The orc wizard barely misses you.
The orc wizard hits you but does no damage.
You hit the orc wizard.
You kill the orc wizard!
Okawaru accepts your kill.
No target in view!
No target in view!
No target in view!
No target in view!
All of the chunks of flesh in your inventory have rotted away.
A gargoyle comes into view. It is wielding a +0 mace.
A gargoyle is nearby!
A gargoyle is nearby!
A cyclops comes into view.
The cyclops shouts!
You hear a roar!
Things that are here:
a +0 hand axe; a +0 leather armour The gargoyle hurls a stone arrow at you.
You block the stone arrow.
The cyclops throws a large rock.
You block the large rock.
You see here a large rock.
The gargoyle hurls a stone arrow at you.
The stone arrow hits you!
The cyclops throws a large rock.
You block the large rock.
You see here a large rock.
The gargoyle hurls a stone arrow at you.
The stone arrow misses you.
The gargoyle hits you but does no damage.
The cyclops throws a large rock.
You block the large rock.
You see here a large rock.
You hit the gargoyle but do no damage.
The gargoyle hurls a stone arrow at you.
The stone arrow hits you but does no damage.
The cyclops throws a large rock.
The large rock hits you!
You gain the combat prowess of a mighty hero.
The gargoyle hurls a stone arrow at you.
The stone arrow hits you but does no damage.
You block the gargoyle's attack.
You slash the gargoyle!
The gargoyle is heavily damaged.
You hit the gargoyle but do no damage.
The gargoyle is heavily damaged.
The gargoyle hurls a stone arrow at you.
The stone arrow hits you!!
You die...

.......##........
..................
#..................
#................#
#................#
#..........C.....#
#..........9.....#
#.........(@.....#
#.......(........#
#......(.........#
#.##)))............
#......?........
#..)............
#...............
#.<.............
#............


You could see a cyclops and a gargoyle.

Vanquished Creatures
  2 two-headed ogres
  Pikel (D:5)
  3 trolls
  Grinder (D:3)
  3 hippogriffs
  A wyvern (D:9)
  12 yaks
  Grum (D:10)
  2 steam dragons
  2 orc warriors
  A hornet zombie (D:7)
  4 ice beasts
  A slave (D:5)
  A sky beast (D:8)
  A necrophage (D:10)
  2 ogres
  3 centaurs
  3 wolves (D:10)
  2 big kobolds
  4 bullfrogs
  A wyvern zombie (D:10)
  10 wights
  4 crimson imps
  A jelly (D:7)
  A bullfrog zombie (D:5)
  A gnoll shaman (D:7)
  5 orc priests
  A centaur skeleton (D:7)
  A hound (D:4)
  4 orc wizards
  4 iguanas
  3 worker ants
  A hound zombie (D:7)
  3 gnolls (D:7)
  A howler monkey skeleton (D:8)
  10 adders
  A shadow imp (D:7)
  2 adder skeletons (D:4)
  An adder zombie (D:5)
  A worm (D:2)
  3 dart slugs
  8 leopard geckos
  24 orcs
  5 bats
  9 giant cockroaches
  5 hobgoblins
  10 jackals
  16 kobolds
  3 quokkas
  6 frilled lizards
  3 goblins
  A jackal skeleton (D:6)
  A quokka zombie (D:9)
  25 rats
225 creatures vanquished.

Vanquished Creatures (others)
  A slave (D:5)
  A hound zombie (D:5)
2 creatures vanquished.

Grand Total: 227 creatures vanquished

Notes
Turn   | Place    | Note
-------+----------+-------------------------------------------
     0 | D:1      | EnegeticOcto the Gargoyle Fighter began the quest for the
                  | Orb.
     0 | D:1      | Reached XP level 1. HP: 14/14 MP: 1/1
   122 | D:1      | Reached skill level 2 in Axes
   137 | D:1      | Reached XP level 2. HP: 17/19 MP: 2/2
   817 | D:2      | Reached XP level 3. HP: 13/23 MP: 3/3
  1202 | D:2      | Reached skill level 1 in Dodging
  1202 | D:2      | Reached XP level 4. HP: 21/28 MP: 4/4
  1993 | D:3      | Reached skill level 3 in Axes
  2010 | D:3      | Reached XP level 5. HP: 33/33 MP: 5/5
  2162 | D:3      | Found an opulent altar of Gozag.
  2699 | D:3      | Noticed Grinder
  2727 | D:3      | Killed Grinder
  2727 | D:3      | Reached XP level 6. HP: 33/39 MP: 6/6
  2960 | D:4      | Found Otapuocs's Book Boutique.
  2976 | D:4      | Found a hide-covered altar of Uskayaw.
  3033 | D:4      | Reached skill level 4 in Axes
  3277 | D:5      | Entered Level 5 of the Dungeon
  3279 | D:5      | Noticed a slave
  3279 | D:5      | Noticed a slave
  3279 | D:5      | Noticed a slave
  3279 | D:5      | Noticed a slave
  3280 | D:5      | Noticed Pikel
  3289 | D:5      | Killed a slave
  3309 | D:5      | Killed Pikel
  3309 | D:5      | Reached skill level 5 in Fighting
  3309 | D:5      | Reached skill level 5 in Armour
  3309 | D:5      | Reached XP level 7. HP: 18/44 MP: 7/7
  3309 | D:5      | Reached XP level 8. HP: 20/49 MP: 8/8
  3531 | D:5      | Reached skill level 5 in Axes
  3531 | D:5      | Reached skill level 5 in Shields
  4067 | D:5      | Found a sparkling altar of Nemelex Xobeh.
  4103 | D:5      | Found Cuadaw Noill's General Store.
  4122 | D:5      | Bought a scroll of summoning for 123 gold pieces
  4427 | D:6      | Found a staircase to the Ecumenical Temple.
  4442 | Temple   | Entered the Ecumenical Temple
  4449 | Temple   | Became a worshipper of Warmaster Okawaru
  4519 | D:6      | Found a shattered altar of Ashenzari.
  4538 | D:6      | HP: 2/50 [orc warrior/+2 glaive of protection (21)]
  5445 | D:7      | Reached skill level 6 in Axes
  5490 | D:7      | Found a burning altar of Makhleb.
  5492 | D:7      | Found a sacrificial altar of Ru.
  5509 | D:7      | Noticed a hippogriff
  5516 | D:7      | Killed a hippogriff
  5516 | D:7      | Reached skill level 1 in Invocations
  5516 | D:7      | Reached XP level 9. HP: 52/55 MP: 8/10
  5537 | D:7      | Reached * piety under Okawaru
  6199 | D:8      | Found a blossoming altar of Fedhas.
  6278 | D:8      | Found the +8 frozen axe "Frostbite" {freezing cloud, *Noise
                  | +Fly rC+}
  6336 | D:8      | Found a staircase to the Lair.
  6405 | D:8      | Reached ** piety under Okawaru
  6594 | D:9      | Identified a scroll of acquirement
  6595 | D:9      | Got a scorched lajatang
  6746 | D:9      | Noticed a two-headed ogre
  6775 | D:8      | Reached skill level 7 in Axes
  6923 | D:9      | Noticed a troll
  6942 | D:8      | HP: 1/56 [troll (2)]
  6955 | D:8      | Killed a troll
  6955 | D:8      | Reached XP level 10. HP: 23/61 MP: 13/13
  7257 | D:9      | Reached skill level 5 in Invocations
  7412 | D:9      | Reached *** piety under Okawaru
  7541 | D:9      | Killed a two-headed ogre
  7824 | D:9      | Found Goinag's Food Boutique.
  7880 | D:10     | Entered Level 10 of the Dungeon
  7882 | D:10     | Noticed Grum
  7889 | D:10     | Reached skill level 8 in Axes
  7903 | D:10     | Killed Grum
  8099 | D:10     | Reached skill level 5 in Dodging
  8137 | D:10     | Reached **** piety under Okawaru
  8149 | D:10     | Received a gift from Okawaru
  8149 | D:10     | Reached XP level 11. HP: 41/67 MP: 15/15
  8387 | D:10     | Noticed a two-headed ogre
  8401 | D:10     | Killed a two-headed ogre
  8634 | D:10     | Found a staircase to the Orcish Mines.
  8664 | D:10     | Reached ***** piety under Okawaru
  9649 | D:11     | Noticed a cyclops
  9658 | D:11     | Killed from afar by a gargoyle

Levels and vault maps discovered:
D:1:      eino_arrival_druids_welcome, layout_loops_ring, dk_noncrumbling_3
D:2:      layout_rooms
D:3:      layout_basic, nicolae_gozag_seed_capital, serial_co_window_serial,
          co_window_of_opportunity_a, co_window_of_opportunity_a,
          co_window_of_opportunity_a, co_window_cross_1, co_window_corner_a,
          co_window_corner_cb, co_window_broadway_b, co_window_of_opportunity_c,
          co_window_corner_ca, co_window_corner_ca, co_window_2corner,
          glass_columns_b, glass_columns_c, glass_columns_a, glass_columns_b,
          first_ration, minmay_rat_hole, uniq_grinder
D:4:      layout_cave_pools, eat_drink_and_be_merry_uskayaw, serial_shops,
          nicolae_shop_trees, palyth_stone_intersect, kennysheep_generic_room_3
D:5:      layout_gridville, nemelex_xobeh_ov_fountains_minmay, serial_shops,
          nicolae_shop_window_shopping, minmay_misc_feat_square, uniq_pikel
D:6:      layout_rooms, lemuel_crystal_altar, temple_green
D:7:      layout_rooms, minitemple, minivault_19
D:8:      layout_basic, fedhas_altar_1, lair_entry_dummy
D:9:      layout_rooms, serial_shops, nicolae_shop_crystal
D:10:     layout_loops_ring, orc_0_dummy, uniq_grum
D:11:     layout_long_grid, basic_altar
Temple:   nicolae_temple_no_exploring_needed

Skill      XL: |  1  2  3  4  5  6  7  8  9 10 11 |
---------------+----------------------------------+-----
Axes           | 2 3 4 6 7 8 |  8.8
Dodging        | 1 2 3 4 5 |  5.4
Fighting       | 4 5 6 7 |  7.8
Shields        | 4 5 6 7 |  7.8
Armour         | 4 5 6 7 |  7.8
Invocations    | 1 4 6 7 |  7.4

Action                   |  1- 3 |  4- 6 |  7- 9 | 10-12 || total
-------------------------+-------+-------+-------+-------++-------
Melee: War axe           |   118 |   293 |   390 |   249 ||  1050
Invok: Heroism           |       |       |     1 |     8 ||     9
  Use: Scroll            |       |    11 |     4 |     4 ||    19
       Potion            |       |       |     4 |       ||     4
  Eat: Chunk             |     1 |     8 |     9 |     5 ||    23
       Ration            |       |       |     1 |     1 ||     2
Armor: Chain mail        |   103 |   220 |    65 |       ||   388
       Plate armour      |       |       |   230 |   203 ||   433
Dodge: Dodged            |    26 |    80 |   115 |   103 ||   324
Block: Shield            |    78 |   151 |   283 |   186 ||   698
